 Dungeon Crawl Stone Soup version 0.17-a0-2055-gb4e23be (webtiles) character file.

74 SlimeFever the Insei (level 4, -4/35 HPs)
             Began as a Demonspawn Monk on Oct 11, 2015.
             Slain by Conn321's ghost (5 damage)
             ... on level 3 of the Dungeon.
             The game lasted 00:09:18 (1216 turns).

SlimeFever the Insei (Demonspawn Monk)              Turns: 1216, Time: 00:09:19

Health: -4/35      AC:  3    Str: 12    XL:     4   Next: 10%
Magic:  0/4        EV: 13    Int: 11    God:
Gold:   170        SH:  0    Dex: 16    Spells: 0 memorised, 3 levels left

rFire  . . .     SeeInvis .       - Unarmed
rCold  . . .     Clarity  .     a - +0 robe
rNeg   . . .     SustAt   .     (no shield)
rPois  .         Gourm    .     (no helmet)
rElec  .         Spirit   +     (no cloak)
rCorr  .         Warding  .     (no gloves)
rMut   .         Stasis   .     c - +0 pair of boots
MR     .....                    m - amulet of regeneration
Stlth  ++........               (no ring)
                                (no ring)

@: not resistant to hostile enchantments, unstealthy
A: magic shield, magic regeneration
a: no special abilities


You were on level 3 of the Dungeon.
You were not hungry.

You visited 1 branch of the dungeon, and saw 3 of its levels.

You collected 170 gold pieces.

Inventory:

Missiles
 e - 13 arrows of frost
 f - 16 poisoned needles
 k - 5 tomahawks (quivered)
 q - 18 arrows
Armour
 a - a +0 robe (worn)
 c - a +0 pair of boots (worn)
Jewellery
 i - an uncursed amulet of resist mutation
 l - an uncursed amulet of faith
 m - an amulet of regeneration (around neck)
Scrolls
 g - a scroll of remove curse
 h - a scroll of identify
Potions
 d - a potion of curing
 j - a potion of haste
 n - a potion of brilliance
 o - a potion of agility {unknown}
 p - a potion of flight {unknown}
Comestibles
 b - 3 bread rations


   Skills:
 + Level 3.4 Fighting
 * Level 3.2 Dodging
 + Level 1.7 Stealth
 * Level 4.5 Unarmed Combat


You had 3 spell levels left.
You didn't know any spells.

Dungeon Overview and Level Annotations

Branches:
Dungeon (3/15)

Altars:

Annotations:
D:3 Conn321's ghost, amateur DENe


Innate Abilities, Weirdness & Mutations

When hurt, damage is shared between your health and your magic reserves.
You regenerate magic rapidly.


Message History

Conn321's ghost hits you.
* * * LOW HITPOINT WARNING * * *
You hit Conn321's ghost.
Conn321's ghost is heavily damaged.
Conn321's ghost hits you.
* * * LOW HITPOINT WARNING * * *
You hit Conn321's ghost but do no damage.
Conn321's ghost is heavily damaged.
You miss Conn321's ghost.
Conn321's ghost is heavily damaged.
Conn321's ghost completely misses you.
You hit Conn321's ghost.
Conn321's ghost is severely damaged.
Conn321's ghost is infused with unholy energy.
* * * LOW HITPOINT WARNING * * *
Conn321's ghost draws life force from you and is healed!
You closely miss Conn321's ghost.
Conn321's ghost is heavily damaged.
Conn321's ghost hits you.
You die...

###### .....#
##### .....# ...#
.....#
#######.##.....#
#....W@........#
#.##.#..#.##.### #
#..#.# .#
....#.##.#####
..#.##.........
#..#.##..####.#
........(.<....#
#...#####.........
.>.###..##.


You could see Conn321's ghost.

Vanquished Creatures
  4 gnolls (D:2)
  An adder (D:2)
  A worm (D:2)
  A giant gecko (D:1)
  2 bats
  A giant cockroach (D:2)
  3 goblins
  5 hobgoblins
  A quokka (D:2)
  A ball python (D:2)
  4 kobolds
  2 rats (D:2)
26 creatures vanquished.

Notes
Turn   | Place    | Note
--------------------------------------------------------------
     0 | D:1      | SlimeFever the Demonspawn Monk began the quest for the Orb.
     0 | D:1      | Reached XP level 1. HP: 18/18 MP: 1/1
   645 | D:2      | Gained mutation: When hurt, damage is shared between your health and your magic reserves. [demonic ancestry]
   645 | D:2      | Reached XP level 2. HP: 16/24 MP: 2/2
   680 | D:2      | Reached skill level 4 in Unarmed Combat
   857 | D:2      | Gained mutation: You regenerate magic rapidly. [demonic ancestry]
   857 | D:2      | Reached XP level 3. HP: 21/29 MP: 3/3
   995 | D:2      | Reached XP level 4. HP: 7/35 MP: 1/4
  1188 | D:3      | Noticed Conn321's ghost (amateur DENe)
  1212 | D:3      | HP: 1/35 [Conn321's ghost (1)]
  1216 | D:3      | Slain by Conn321's ghost

Vault maps used:
D:1:      tarquinn_simple_flora_water_c
D:3:      first_bread, uniq_natasha

Action                   |  1- 3 |  4- 6 || total
-------------------------+-------+-------++-------
Melee: Unarmed           |   117 |    36 ||   153
  Use: Scroll            |     5 |     2 ||     7
  Eat: Bread ration      |       |     1 ||     1
